| TOP OF THE 1ST |
|
Montreal Expos batting - Pitching for Houston Astros : RHP Mike Staus
|
|
Pitching: RHP Mike Staus
|
|
|
Batting: RHB Robby Juarez
|
0-0: Swinging Strike 0-1: Ball 1-1: Called Strike 1-2: Strikes out looking
|
|
Batting: SHB Pete Barutha
|
0-0: SINGLE (Groundball, 6M, EV 97.5 MPH) (infield hit)
|
|
Batting: RHB Mike Salmon
|
0-0: Ball 1-0: Ball Pete Barutha steals 2nd base 2-0: Ground out 6-3 (Groundball, 6, EV 81.2 MPH) Pete Barutha to third
|
|
Batting: LHB Jimmy Buscemi
|
0-0: Called Strike 0-1: Ball 1-1: Ground out U3 (Groundball, 23, EV 81.2 MPH)
|
| Top of the 1st over - 0 runs, 1 hit, 0 errors, 1 left on base; Montreal 0 - Houston 0 |
| BOTTOM OF THE 1ST |
|
Houston Astros batting - Pitching for Montreal Expos : LHP James Fisher
|
|
Pitching: LHP James Fisher
|
|
|
Batting: RHB Jeremy Trump
|
0-0: Ball 1-0: SOLO HOME RUN (Flyball, 8LXD, EV 101.9 MPH), Distance : 419 ft
|
|
Batting: RHB Chang-wei Jiang
|
0-0: Foul Ball, location: 2F 0-1: Ball 1-1: Ball 2-1: Foul Ball, location: 2F 2-2: Foul Ball, location: 2F 2-2: Fly out, F9 (Flyball, 89M, EV 84.4 MPH)
|
|
Batting: SHB Addick de Vries
|
0-0: Ball 1-0: Fly out, F8 (Flyball, 8LD, EV 101.9 MPH)
|
|
Batting: RHB Josh Froyd
|
0-0: Swinging Strike 0-1: Ball 1-1: Foul Ball, location: 2F 1-2: Ground out U3 (Groundball, 3L, EV 85.6 MPH)
|
| Bottom of the 1st over - 1 run, 1 hit, 0 errors, 0 left on base; Montreal 0 - Houston 1 |
| TOP OF THE 2ND |
|
Montreal Expos batting - Pitching for Houston Astros : RHP Mike Staus
|
|
Batting: SHB Bran Stark
|
0-0: Called Strike 0-1: Ground out 6-3 (Groundball, 6, EV 97.5 MPH)
|
|
Batting: RHB Wen-hua Lei
|
0-0: Called Strike 0-1: Foul Ball, location: 2F 0-2: Ball 1-2: Strikes out swinging, 2-3 out at first.
|
|
Batting: SHB Hans Mikkelsen
|
0-0: Called Strike 0-1: Swinging Strike 0-2: Foul Ball, location: 2F 0-2: Ball 1-2: Strikes out swinging
|
| Top of the 2nd over - 0 runs, 0 hits, 0 errors, 0 left on base; Montreal 0 - Houston 1 |
| BOTTOM OF THE 2ND |
|
Houston Astros batting - Pitching for Montreal Expos : LHP James Fisher
|
|
Batting: RHB Matt Thompson
|
0-0: Ball 1-0: Ball 2-0: SINGLE (Line Drive, 7S, EV 91.9 MPH)
|
|
Batting: LHB Ian Jarvis
|
0-0: Ball 1-0: Foul Ball, location: 2F 1-1: Ball 2-1: Ball 3-1: Called Strike Matt Thompson steals 2nd base 3-2: Fly out, F9 (Line Drive, 9, EV 90.0 MPH)
|
|
Batting: RHB Trevor Mock
|
0-0: Ground out 6-3 (Groundball, 6D, EV 83.1 MPH) Matt Thompson to third
|
|
Batting: SHB Joe Gardner
|
0-0: Fly out, F8 (Flyball, 89D, EV 65.6 MPH)
|
| Bottom of the 2nd over - 0 runs, 1 hit, 0 errors, 1 left on base; Montreal 0 - Houston 1 |
| TOP OF THE 3RD |
|
Montreal Expos batting - Pitching for Houston Astros : RHP Mike Staus
|
|
Batting: RHB Nick Sharp
|
0-0: Ball 1-0: Foul Ball, location: 2F 1-1: Ball 2-1: Ball 3-1: Ground out 6-3 (Groundball, P, EV 76.9 MPH)
|
|
Batting: RHB Jesse Basich
|
0-0: Called Strike 0-1: Ball 1-1: Ball 2-1: Ground out 5-3 (Groundball, 56S, EV 90.6 MPH)
|
|
Batting: RHB Robby Juarez
|
0-0: Ball 1-0: SINGLE (Flyball, 4D, EV 95.0 MPH)
|
|
Batting: SHB Pete Barutha
|
0-0: Called Strike Robby Juarez steals 2nd base 0-1: Ball 1-1: Swinging Strike 1-2: Ball 2-2: Fly out, F3 (Popup, 34, EV 58.8 MPH)
|
| Top of the 3rd over - 0 runs, 1 hit, 0 errors, 1 left on base; Montreal 0 - Houston 1 |
| BOTTOM OF THE 3RD |
|
Houston Astros batting - Pitching for Montreal Expos : LHP James Fisher
|
|
Batting: LHB Bryce Hill
|
0-0: SINGLE (Groundball, 25, EV 65.6 MPH) (infield hit)
|
|
Batting: RHB Jeremy Trump
|
0-0: Ball 1-0: Ball 2-0: Ball 3-0: Called Strike 3-1: Base on Balls Bryce Hill to second
|
|
Batting: RHB Chang-wei Jiang
|
0-0: Ball 1-0: SINGLE (Groundball, 34D, EV 106.2 MPH) Bryce Hill to third Jeremy Trump to second
|
|
Batting: SHB Addick de Vries
|
0-0: Grounds into double play, 6-4-3 (Groundball, 6, EV 105.0 MPH) Bryce Hill scores Jeremy Trump to third
|
|
Batting: RHB Josh Froyd
|
0-0: Ball 1-0: Ball 2-0: Swinging Strike 2-1: Called Strike 2-2: Strikes out looking
|
| Bottom of the 3rd over - 1 run, 2 hits, 0 errors, 1 left on base; Montreal 0 - Houston 2 |
| TOP OF THE 4TH |
|
Montreal Expos batting - Pitching for Houston Astros : RHP Mike Staus
|
|
Batting: RHB Mike Salmon
|
0-0: Ball 1-0: Swinging Strike 1-1: Foul Ball, location: 2F 1-2: Ball 2-2: Foul Ball, location: 2F 2-2: SINGLE (Flyball, 4D, EV 85.0 MPH)
|
|
Batting: LHB Jimmy Buscemi
|
0-0: Called Strike 0-1: Ball 1-1: Called Strike 1-2: Fly out, F9 (Line Drive, 9, EV 93.8 MPH)
|
|
Batting: SHB Bran Stark
|
0-0: Called Strike 0-1: Ball 1-1: Called Strike 1-2: Ground out U3 (Groundball, 3, EV 101.9 MPH) Mike Salmon to second
|
|
Batting: RHB Wen-hua Lei
|
0-0: Foul Ball, location: 2F 0-1: Swinging Strike 0-2: Ball 1-2: Strikes out swinging
|
| Top of the 4th over - 0 runs, 1 hit, 0 errors, 1 left on base; Montreal 0 - Houston 2 |
| BOTTOM OF THE 4TH |
|
Houston Astros batting - Pitching for Montreal Expos : LHP James Fisher
|
|
Batting: RHB Matt Thompson
|
0-0: Ball 1-0: Ball 2-0: Swinging Strike 2-1: Called Strike 2-2: Strikes out looking
|
|
Batting: LHB Ian Jarvis
|
0-0: Called Strike 0-1: Ball 1-1: Ground out 6-3 (Groundball, 6, EV 99.4 MPH)
|
|
Batting: RHB Trevor Mock
|
0-0: Foul Ball, location: 2F 0-1: Fly out, F8 (Flyball, 8LXD, EV 85.6 MPH)
|
| Bottom of the 4th over - 0 runs, 0 hits, 0 errors, 0 left on base; Montreal 0 - Houston 2 |
| TOP OF THE 5TH |
|
Montreal Expos batting - Pitching for Houston Astros : RHP Mike Staus
|
|
Batting: SHB Hans Mikkelsen
|
0-0: Ball 1-0: SINGLE (Groundball, P, EV 85.0 MPH) (infield hit)
|
|
Batting: RHB Nick Sharp
|
0-0: Ball 1-0: Called Strike 1-1: Called Strike Hans Mikkelsen steals 2nd base (no throw) 1-2: Ball 2-2: Foul Ball, location: 2F 2-2: Foul Ball, location: 2F 2-2: Foul Ball, location: 2F 2-2: Ground out 5-3 (Groundball, 56S, EV 88.8 MPH)
|
|
Batting: RHB Jesse Basich
|
0-0: Ball Wild Pitch! Hans Mikkelsen to third 1-0: Foul Ball, location: 2F 1-1: Ball 2-1: Ground out 2-3 (Groundball, 13S, EV 64.4 MPH)
|
|
Batting: RHB Robby Juarez
|
0-0: Ball 1-0: Ball 2-0: Foul Ball, location: 2F 2-1: Ground out 5-3 (Groundball, 56, EV 80.0 MPH)
|
| Top of the 5th over - 0 runs, 1 hit, 0 errors, 1 left on base; Montreal 0 - Houston 2 |
| BOTTOM OF THE 5TH |
|
Houston Astros batting - Pitching for Montreal Expos : LHP James Fisher
|
|
Batting: SHB Joe Gardner
|
0-0: Called Strike 0-1: Foul Ball, location: 2F 0-2: SINGLE (Groundball, 4MD, EV 94.4 MPH)
|
|
Batting: LHB Bryce Hill
|
0-0: Ball 1-0: Ball 2-0: Foul Ball, location: 2F 2-1: Ball 3-1: Fly out, F5 (Popup, 5S, EV 63.8 MPH)
|
|
Batting: RHB Jeremy Trump
|
0-0: Swinging Strike 0-1: Ball 1-1: Ball 2-1: Swinging Strike 2-2: Hit by Pitch Joe Gardner to second
|
|
Batting: RHB Chang-wei Jiang
|
0-0: Ball 1-0: Ball Wild Pitch! Joe Gardner to third Jeremy Trump to second 2-0: Ball 3-0: Called Strike 3-1: Foul Ball, location: 2F 3-2: Base on Balls
|
|
Batting: SHB Addick de Vries
|
0-0: Grounds into fielders choice 4-2 (Groundball, 34S, EV 69.4 MPH) Jeremy Trump to third Chang-wei Jiang to second
|
|
Batting: RHB Josh Froyd
|
0-0: Fly out, F7 (Flyball, 7D, EV 106.2 MPH)
|
| Bottom of the 5th over - 0 runs, 1 hit, 0 errors, 3 left on base; Montreal 0 - Houston 2 |
| TOP OF THE 6TH |
|
Montreal Expos batting - Pitching for Houston Astros : RHP Mike Staus
|
|
Batting: SHB Pete Barutha
|
0-0: Called Strike 0-1: Ball 1-1: Swinging Strike 1-2: Ball 2-2: SINGLE (Line Drive, 34, EV 105.6 MPH)
|
|
Batting: RHB Mike Salmon
|
0-0: Called Strike Pete Barutha steals 2nd base 0-1: Called Strike 0-2: Ball 1-2: Foul Ball, location: 2F 1-2: DOUBLE (Line Drive, 9LS, EV 108.8 MPH) Pete Barutha scores
|
|
Batting: LHB Jimmy Buscemi
|
0-0: Called Strike 0-1: Ball 1-1: Ball 2-1: Foul Ball, location: 2F 2-2: Ball 3-2: 2-RUN HOME RUN (Flyball, 89XD, EV 109.4 MPH), Distance : 418 ft
|
|
Batting: SHB Bran Stark
|
0-0: Ball 1-0: Called Strike 1-1: Foul Ball, location: 2F 1-2: Ground out U3 (Groundball, 34S, EV 83.1 MPH)
|
|
Batting: RHB Wen-hua Lei
|
0-0: Foul Ball, location: 2F 0-1: Foul Ball, location: 2F 0-2: Foul Ball, location: 2F 0-2: Ball 1-2: Foul Ball, location: 2F 1-2: Foul Ball, location: 2F 1-2: Ground out 6-3 (Groundball, 6, EV 105.6 MPH)
|
|
Batting: SHB Hans Mikkelsen
|
0-0: Called Strike 0-1: Ball 1-1: Foul Ball, location: 2F 1-2: SINGLE (Groundball, 4M, EV 85.0 MPH) (infield hit)
|
|
Pitching: LHP Chad Dominey
|
|
|
Batting: RHB Nick Sharp
|
0-0: Called Strike 0-1: Ball 1-1: Ball 2-1: Ball 3-1: Base on Balls Hans Mikkelsen to second
|
|
Batting: RHB Jesse Basich
|
0-0: Ball 1-0: Ball 2-0: Foul Ball, location: 2F 2-1: Swinging Strike 2-2: Foul Ball, location: 2F 2-2: Ball 3-2: Base on Balls Hans Mikkelsen to third Nick Sharp to second
|
|
Batting: RHB Robby Juarez
|
0-0: Ball 1-0: Ball 2-0: Fly out, F8 (Flyball, 78M, EV 85.0 MPH)
|
| Top of the 6th over - 3 runs, 4 hits, 0 errors, 3 left on base; Montreal 3 - Houston 2 |
| BOTTOM OF THE 6TH |
|
Houston Astros batting - Pitching for Montreal Expos : LHP James Fisher
|
|
Batting: RHB Matt Thompson
|
0-0: Called Strike 0-1: Ball 1-1: Fly out, F4 (Flyball, 34D, EV 83.1 MPH)
|
|
Batting: LHB Ian Jarvis
|
0-0: Foul Ball, location: 2F 0-1: Called Strike 0-2: Ball 1-2: Ball 2-2: Foul Ball, location: 2F 2-2: Ball 3-2: Reached on error, E4 (Groundball, 4M, EV 77.5 MPH)
|
|
Batting: RHB Trevor Mock
|
0-0: Ball 1-0: Foul Ball, location: 2F 1-1: Foul Ball, location: 2F 1-2: Foul Ball, location: 2F 1-2: Foul Ball, location: 2F 1-2: Ball 2-2: Strikes out swinging
|
|
Batting: SHB Joe Gardner
|
0-0: Ball 1-0: Fly out, F6 (Popup, 15S, EV 82.5 MPH)
|
| Bottom of the 6th over - 0 runs, 0 hits, 1 error, 1 left on base; Montreal 3 - Houston 2 |
| TOP OF THE 7TH |
|
Montreal Expos batting - Pitching for Houston Astros : LHP Chad Dominey
|
|
Batting: SHB Pete Barutha
|
0-0: Called Strike 0-1: Reached on error, E6 (Groundball, 6, EV 79.4 MPH)
|
|
Batting: RHB Mike Salmon
|
0-0: Intentional Walk
|
|
Batting: LHB Jimmy Buscemi
|
0-0: Called Strike 0-1: Swinging Strike 0-2: Foul Ball, location: 2F 0-2: Ball Passed Ball! Pete Barutha to third Mike Salmon to second 1-2: Strikes out swinging
|
|
Batting: SHB Bran Stark
|
0-0: Fly out, F9 (Flyball, 89D, EV 106.2 MPH) Runner from 3rd tags up, OUT at HOME! 9-2
|
| Top of the 7th over - 0 runs, 0 hits, 1 error, 1 left on base; Montreal 3 - Houston 2 |
| BOTTOM OF THE 7TH |
|
Houston Astros batting - Pitching for Montreal Expos : LHP James Fisher
|
|
Batting: LHB Bryce Hill
|
0-0: Called Strike 0-1: Foul Ball, location: 2F 0-2: Ball 1-2: SOLO HOME RUN (Flyball, 9D, EV 95.6 MPH), Distance : 379 ft
|
|
Batting: RHB Jeremy Trump
|
0-0: Called Strike 0-1: Ball 1-1: Ball 2-1: Ball 3-1: SOLO HOME RUN (Flyball, 78XD, EV 113.1 MPH), Distance : 421 ft
|
|
Batting: RHB Chang-wei Jiang
|
0-0: Ball 1-0: DOUBLE (Groundball, 5L, EV 95.0 MPH)
|
|
Batting: SHB Addick de Vries
|
0-0: Called Strike Chang-wei Jiang steals 3rd base 0-1: SINGLE (Groundball, 4M, EV 101.9 MPH) Chang-wei Jiang scores
|
|
Pitching: RHP Eric Hudson
|
|
|
Batting: RHB Josh Froyd
|
0-0: Called Strike 0-1: Ball 1-1: Ball 2-1: Foul Ball, location: 2F 2-2: Ball 3-2: Strikes out swinging Addick de Vries is caught stealing 2nd base 2-4 Batter strikes out.
|
|
Batting: RHB Matt Thompson
|
0-0: Called Strike 0-1: Foul Ball, location: 2F 0-2: Foul Ball, location: 2F 0-2: Ball 1-2: Ball 2-2: Foul Ball, location: 2F 2-2: Ball 3-2: SINGLE (Groundball, 5S, EV 70.0 MPH) (infield hit)
|
|
Batting: LHB Ian Jarvis
|
0-0: Foul Ball, location: 2F 0-1: Called Strike 0-2: Ball 1-2: Hit by Pitch Matt Thompson to second
|
|
Batting: RHB Trevor Mock
|
0-0: Called Strike 0-1: Ball 1-1: Ball 2-1: Ball 3-1: Fly out, F9 (Flyball, 8RS, EV 87.5 MPH)
|
| Bottom of the 7th over - 3 runs, 5 hits, 0 errors, 2 left on base; Montreal 3 - Houston 5 |
| TOP OF THE 8TH |
|
Montreal Expos batting - Pitching for Houston Astros : LHP Chad Dominey
|
|
Batting: RHB Wen-hua Lei
|
0-0: Ball 1-0: Foul Ball, location: 2F 1-1: Foul Ball, location: 2F 1-2: Foul Ball, location: 2F 1-2: Ball 2-2: Strikes out swinging
|
|
Batting: SHB Hans Mikkelsen
|
0-0: Ball 1-0: Ball 2-0: Called Strike 2-1: Swinging Strike 2-2: Ball 3-2: Ground out 5-3 (Groundball, 56, EV 94.4 MPH)
|
|
Batting: RHB Nick Sharp
|
0-0: Swinging Strike 0-1: Ball 1-1: Ball 2-1: Ball 3-1: Base on Balls
|
|
Batting: RHB Jesse Basich
|
0-0: Foul Ball, location: 2F 0-1: Ground out 4-3 (Groundball, 4, EV 83.8 MPH)
|
| Top of the 8th over - 0 runs, 0 hits, 0 errors, 1 left on base; Montreal 3 - Houston 5 |
| BOTTOM OF THE 8TH |
|
Houston Astros batting - Pitching for Montreal Expos : RHP Eric Hudson
|
|
Pitching: RHP Jeff Urry
|
|
|
Batting: SHB Joe Gardner
|
0-0: Called Strike 0-1: Called Strike 0-2: Strikes out looking
|
|
Batting: LHB Bryce Hill
|
0-0: Ball 1-0: Called Strike 1-1: SINGLE (Groundball, 56S, EV 75.6 MPH) (infield hit)
|
|
Batting: RHB Jeremy Trump
|
0-0: Called Strike 0-1: Foul Ball, location: 2F 0-2: Ball 1-2: Ball 2-2: Ball 3-2: Foul Ball, location: 2F 3-2: Grounds into double play, 5-4-3 (Groundball, 5, EV 108.8 MPH)
|
| Bottom of the 8th over - 0 runs, 1 hit, 0 errors, 0 left on base; Montreal 3 - Houston 5 |
| TOP OF THE 9TH |
|
Montreal Expos batting - Pitching for Houston Astros : LHP Chad Dominey
|
|
Pitching: LHP Brian Thomas
|
|
|
Batting: RHB Robby Juarez
|
0-0: SINGLE (Groundball, 6D, EV 95.0 MPH)
|
|
Batting: SHB Pete Barutha
|
0-0: Called Strike 0-1: Ball 1-1: Ball 2-1: Ball 3-1: Foul Ball, location: 2F 3-2: SINGLE (Groundball, 4MS, EV 60.0 MPH) (infield hit) Robby Juarez to second
|
|
Batting: RHB Mike Salmon
|
0-0: Foul Ball, location: 2F 0-1: Swinging Strike 0-2: Fielders Choice at 2nd, 1-4 (Groundball, 15S, EV 68.8 MPH) Robby Juarez to third
|
|
Pinch Hitting: RHB Hugo Bautista
|
0-0: Ball 1-0: Ball 2-0: Ball 3-0: Foul Ball, location: 2F 3-1: Called Strike 3-2: Foul Ball, location: 2F 3-2: Strikes out swinging
|
|
Batting: SHB Bran Stark
|
0-0: Ball 1-0: Foul Ball, location: 2F 1-1: Ball 2-1: Ball 3-1: Called Strike 3-2: Ground out 1-3 (Groundball, 13, EV 65.0 MPH)
|
| Top of the 9th over - 0 runs, 2 hits, 0 errors, 2 left on base; Montreal 3 - Houston 5 |
|